 Dungeon Crawl Stone Soup version bcrawl-1.31 (webtiles) character file.

Game seed: 8301912482725431694

559393 Morbidden the Cruncher (level 14, -12/155 HPs)
             Began as an Ent Archaeologist on Apr 4, 2021.
             Was the Champion of Cheibriados.
             Mangled by a goliath frog (20 damage)
             ... on level 6 of the Lair of Beasts.
             The game lasted 00:29:45 (15718 turns).

Morbidden the Cruncher (Ent Archaeologist)         Turns: 15718, Time: 00:29:45

Health: -12/155    AC: 11    Str: 35    XL:     14   Next: 34%
Magic:  39/39      EV: 15    Int: 34    God:    Cheibriados [******]
Gold:   1395       SH: 18    Dex: 23    Spells: 25/32 levels left

rFire    . . .     SeeInvis .   a - +6 staff of Battle {slice, MP+12}
rCold    . . .     Gourm    .   S - +1 medium shield (curse)
rNeg     + + +     Faith    .   (armour unavailable)
rPois    +         Spirit   .   c - +1 hat
rElec    .         Reflect  +   T - +0 cloak
rCorr    .         Harm     .   (gloves unavailable)
MR       +....                  (boots unavailable)
Stlth    ++++++....             p - +5 amulet of reflection
HPRegen  0.35/turn              s - ring of stealth
MPRegen  0.26/turn              L - ring of Hiotih {+Fly Slay+3}

@: corroded, very slow
A: large, slow actions, passwall, strong branches, negative energy resistance 3,
poison resistance, slow metabolism 1, torment resistance, unbreathing, AC +21
a: Passwall, Bend Time, Temporal Distortion, Slouch, Step From Time, Renounce
Religion, Evoke Flight


You were on level 6 of the Lair of Beasts.
You worshipped Cheibriados.
Cheibriados was exalted by your worship.
You were not hungry.

You visited 3 branches of the dungeon, and saw 18 of its levels.
You also visited: Sewer and Ice Cave.

You collected 1395 gold pieces.

Inventory:

Hand Weapons
 a - the +6 staff of Battle (weapon) {slice, MP+12}
   (You acquired it on level 3 of the Dungeon)

   It will always inflict at least some extra damage.
   This minimum extra damage increases with your current reserve of magical
   power.
   It affects your magic capacity (+12).
 b - a +2 shortbow of seeking
 y - a +0 blowgun
 H - the +4 bardiche "Qitidaod" {flame, +Inv Str+6 Dex+2}
   (You found it on level 4 of the Lair of Beasts)

   It has been specially enchanted to surge with flame as it hits, increasing
   damage dealt by approximately one third against foes not resistant or
   susceptible to fire.
   Its heat also prevents any hydra heads it cuts off from regrowing.
   It affects your strength (+6).
   It affects your dexterity (+2).
   It lets you turn invisible.
Missiles
 d - 22 curare-tipped needles
 l - 199 poisoned needles
 B - 2345 arrows
 D - 94 poisoned tomahawks
 O - 2 throwing nets (quivered) {=f}
Armour
 c - a +1 hat (worn)
 S - a cursed +1 medium shield (worn)
 T - a +0 cloak (worn)
Jewellery
 p - a +5 amulet of reflection (around neck)
 s - a ring of stealth (left hand)
 F - an uncursed ring of magical power
 G - an uncursed ring of protection from fire
 L - the ring of Hiotih (right hand) {+Fly Slay+3}
   (You found it on level 7 of the Dungeon)

   [ring of flight]

   It affects your accuracy and damage with ranged weapons and melee attacks
   (+3).
   It lets you fly.
 R - the amulet of Undoing {RegenMP rElec Int+7}
   (You acquired it on level 9 of the Dungeon)

   [amulet of magic regeneration]

   It increases your magic regeneration.
   It affects your intelligence (+7).
   It insulates you from electricity.
Wands
 w - a wand of disintegration (41)
 M - a wand of flame (21)
 P - a wand of random effects (6)
 W - a wand of digging (15)
 Z - a wand of acid (8)
Scrolls
 g - 2 scrolls of magic mapping
 h - a scroll of noise
 i - 8 scrolls of identify
 m - 4 scrolls of enchant armour
 n - 11 scrolls of teleportation
 o - 4 scrolls of fear
 q - 6 scrolls of enchant weapon
 u - 3 scrolls of immolation
 v - 11 scrolls of remove curse
 C - 2 scrolls of amnesia
 N - a scroll of blinking
 V - 2 scrolls of fog
Potions
 f - 4 potions of invisibility {unknown}
 j - 2 potions of brilliance {unknown}
 k - 3 potions of might
 r - 3 potions of heal wounds {unknown}
 t - 3 potions of agility
 x - 14 potions of curing {unknown}
 z - 3 potions of ambrosia {unknown}
 A - 3 potions of flight {unknown}
 E - a potion of degeneration {unknown}
 I - a potion of magic {unknown}
 J - 4 potions of cancellation
 Q - 2 potions of resistance
 X - a potion of mutation
Miscellaneous
 U - a lightning rod (4/4)
Comestibles
 e - 36 rations {!d}
 K - 18 chunks of flesh


   Skills:
 * Level 10.4 Fighting
   Level 1.1 Long Blades
   Level 1.9(8.8) Maces & Flails
 + Level 1.5(8.0) Polearms
 * Level 11.1(11.2) Staves
 + Level 5.5 Bows
 + Level 0.2 Throwing
 + Level 7.7 Dodging
 + Level 7.4 Stealth
 * Level 6.1 Shields
 * Level 9.6 Spellcasting
 * Level 7.5 Conjurations
 * Level 8.2 Hexes
 * Level 9.0 Invocations
 + Level 0.3 Evocations


You had 25 spell levels left.
You knew the following spells:

 Your Spells              Type           Power        Failure   Level  Hunger
a - Mana Rupture          Conj/Hex       ######....   98%         7    #######

Your spell library contained the following spells:

 Spells                   Type           Power        Failure   Level  Hunger
 Corona                   Hex            ######.      1%          1    None
 Slow                     Hex            ######..     1%          1    None
 Throw Frost              Conj/Ice       #####.       1%          2    None
 Confuse                  Hex            ######..     1%          3    None
 Dazzling Orbs            Conj/Hex       ######.      1%          3    None
 Tukima's Dance           Hex            ######..     1%          3    None
 Flame Tongue             Conj/Fire      #####        2%          1    None
 Ensorcelled Hibernation  Hex/Ice        #####.       2%          2    None
 Cause Fear               Hex            ######....   3%          4    #......
 Inner Flame              Hex/Fire       N/A          5%          3    None
 Conjure Flame            Conj/Fire      #####...     6%          3    None
 Apportation              Tloc           ###...       10%         1    None
 Freeze                   Ice            ###...       10%         1    None
 Infusion                 Chrm           ###.....     10%         1    None
 Sandblast                Erth           ###...       10%         1    None
 Summon Butterflies       Summ           ###.....     10%         1    None
 Flaming Arrows           Chrm/Fire      ###.....     16%         2    None
 Yara's Violent Unravell  Hex/Tmut       #####.....   19%         4    #......
 Sticky Flame             Conj/Fire      #####...     22%         4    #......
 Throw Icicle             Conj/Ice       #####...     22%         4    #......
 Ozocubu's Armour         Chrm/Ice       ###.....     30%         3    None
 Metabolic Englaciation   Hex/Ice        #####.....   45%         5    ####...
 Fireball                 Conj/Fire      #####.....   52%         5    ####...
 Petrify                  Tmut/Erth      ###.......   69%         4    #......
 Summon Ice Beast         Ice/Summ       ###.....     69%         4    #......
 Ice Form                 Ice/Tmut       Unusable     N/A         4    N/A

Dungeon Overview and Level Annotations

Branches:
Dungeon (11/12)            Temple (1/1) D:5            Lair (6/6) D:8
  Swamp (0/3) Lair:4        Snake (0/3) Lair:3        Slime (0/5) Lair:5
    Orc (0/1) D:9
 Vaults: D:11-12

Altars:
Cheibriados
Dithmenos
Elyvilon
Fedhas
Gozag
Hepliaklqana
Kikubaaqudgha
Makhleb
Nemelex Xobeh
Okawaru
Qazlal
Ru
Uskayaw
Vehumet
Wu Jian
Yredelemnul
Zin
The Shining One
Jiyva

Shops:
D:4 (   D:6 (   D:8 }   D:10 (

Annotations:
Lair:1 exclusion: 3 oklob plants


Innate Abilities, Weirdness & Mutations

You move and act slowly.
You can pass through walls and trees.
Your branches can wield two-handed weapons with a shield.
Your thick bark is tough. (AC +21)
You are too large for most types of armour.
You are immune to negative energy. (rN+++)
Your system is resistant to poisons. (rPois)
You have a slow metabolism.
You are immune to unholy pain and torment.
You can survive without breathing.


Message History

The raiju is almost dead.
You hear an angry growl.
Your spectral weapon closely misses the raiju.
The raiju closely misses you. You block the goliath frog's attack.
The raiju bursts into living lightning!
The living lightning hits you!
* * * LOW HITPOINT WARNING * * *
The raiju blinks!
Unknown command.
Unknown command.
Unknown command.
You hit the raiju but do no damage.
Snnnck.
You kill the raiju!
Cheibriados appreciates the change of pace.
The goliath frog hits you but does no damage.
Unknown command.
Unknown command.
Unknown command.
The goliath frog barely misses you. The goliath frog hits you from afar!!
You die...

# #...#.### # ........##
## .........## .# #.†..#
.# #.##..# ## .#
#######..##h# .#
####.#...#..†F#
.####...#.......(#†h.h...
.P#.....÷..÷...#@#P...###
..P#.....#.#.#.##P#...%#
...P#...######## #P#..#.#
.P...#### ##### # .....##
......## ...÷..P###
.........#.# ...†........


You could see a goliath frog, a polar bear and a friendly spectral +6 staff of
Battle {slice, MP+12}.

Vanquished Creatures
  8 hydras
  Harold (D:9)
  A two-headed ogre (D:9)
  4 death yaks (Lair:4)
  A necromancer (IceCv)
  An ugly thing (D:9)
  3 ice statues (IceCv)
  6 black mambas
  16 elephants
  2 rime drakes
  2 torpor snails
  6 cane toads
  A centaur skeleton (D:10)
  7 komodo dragons
  A merfolk (D:11)
  11 ice devils
  2 polar bears (Lair:2)
  4 trolls
  A hornet (D:10)
  2 raiju (Lair:6)
  8 hippogriffs
  17 blink frogs
  4 dream sheep (Lair:4)
  A spriggan (D:11)
  2 wyverns
  32 yaks
  A wraith (D:11)
  A vampire (D:9)
  2 basilisks
  2 hungry ghosts
  Grum (D:9)
  5 vampire mosquitoes (Lair:4)
  2 acid dragons
  A warg (Lair:6)
  Edmund (D:6)
  19 water moccasins
  11 crocodiles
  Duvessa (D:6)
  5 hell hounds (Lair:6)
  9 porcupines
  3 sky beasts
  6 orc warriors
  4 phantoms
  7 black bears
  A hornet zombie (D:10)
  An ice beast (D:7)
  5 ogres
  8 wolves
  An eye of draining (D:9)
  4 centaurs
  14 bullfrogs
  A big kobold (D:10)
  Dowan (D:6)
  A gnoll sergeant (D:8)
  3 scorpions
  21 killer bees
  8 wights
  A howler monkey (D:5)
  An electric eel (Lair:1)
  2 jellies
  3 crimson imps
  4 centaur zombies
  A quasit (D:8)
  A draconian simulacrum (IceCv)
  6 hounds
  A gnoll shaman (D:5)
  3 orc priests
  A bullfrog skeleton (D:3)
  3 iguanas
  6 worker ants
  5 orc wizards
  3 troll simulacra (IceCv)
  2 centaur simulacra (IceCv)
  A howler monkey zombie (D:5)
  12 gnolls
  4 ogre simulacra (IceCv)
  A river rat (D:6)
  16 adders
  3 shadow imps
  3 oozes (Lair:5)
  2 adder zombies (D:5)
  2 adder skeletons
  2 worms
  3 dart slugs
  7 leopard geckos
  38 orcs
  A ball python (D:6)
  3 giant cockroaches
  13 goblins
  10 hobgoblins
  8 jackals
  A quokka (D:2)
  6 bats
  3 frilled lizards
  A jackal skeleton (D:4)
  16 kobolds
  8 rats
501 creatures vanquished.

Vanquished Creatures (others)
  Sonja (Lair:5)
  A cyclops (D:10)
  A worker ant (D:7)
  An adder (D:9)
  A goblin (D:9)
  A bush (D:8)
  11 fungi
  35 plants
  9 spectral weapons
61 creatures vanquished.

Grand Total: 562 creatures vanquished

Notes
Turn   | Place    | Note
-------+----------+-------------------------------------------
     0 | D:1      | Morbidden the Ent Archaeologist began the quest for the
                  | Orb.
     0 | D:1      | Reached XP level 1. HP: 21/21 MP: 1/1
   192 | D:1      | Reached XP level 2. HP: 29/29 MP: 2/2
   752 | D:1      | Reached XP level 3. HP: 15/36 MP: 3/3
  1993 | D:3      | Reached XP level 4. HP: 38/46 MP: 4/4
  2058 | D:3      | Found a blossoming altar of Fedhas.
  2058 | D:3      | Found a sparkling altar of Nemelex Xobeh.
  2061 | D:3      | Found a hide-covered altar of Uskayaw.
  2215 | D:3      | Found an iron altar of Okawaru.
  2254 | D:3      | Reached skill level 1 in Long Blades
  2254 | D:3      | Reached skill level 1 in Spellcasting
  2392 | D:3      | Reached XP level 5. HP: 54/54 MP: 6/6
  2392 | D:3      | Identified a scroll of acquirement
  2392 | D:3      | Identified the +0 dire flail of the Exiled Tables {flame,
                  | +Blink rC++ Int+2} (You acquired it on level 3 of the
                  | Dungeon)
  2392 | D:3      | Identified the amulet "Loutzuq" {Regen *Slow MR+ SInv} (You
                  | acquired it on level 3 of the Dungeon)
  2393 | D:3      | Found the +6 staff of Battle {slice, MP+12}
  2555 | D:3      | Found a faded altar of an unknown god.
  2614 | D:3      | Found a white marble altar of Elyvilon.
  2636 | D:3      | Found a glowing golden altar of the Shining One.
  2974 | D:4      | Reached skill level 1 in Staves
  3050 | D:4      | Reached XP level 6. HP: 49/65 MP: 9/9
  3284 | D:4      | Reached skill level 2 in Staves
  3500 | D:4      | Found Satsifu's Antique Weapon Emporium.
  3611 | D:4      | Noticed a sky beast
  3619 | D:4      | Killed a sky beast
  3620 | D:4      | Reached XP level 7. HP: 59/75 MP: 11/11
  3662 | D:5      | Entered Level 5 of the Dungeon
  3673 | D:5      | Reached skill level 5 in Stealth
  3724 | D:5      | Reached skill level 3 in Staves
  3931 | D:5      | Found a staircase to the Ecumenical Temple.
  3941 | Temple   | Entered the Ecumenical Temple
  4001 | Temple   | Became a worshipper of Cheibriados the Contemplative
  4028 | D:5      | Learned a level 7 spell: Mana Rupture
  4198 | D:5      | Reached skill level 4 in Staves
  4538 | D:6      | Reached XP level 8. HP: 85/85 MP: 13/13
  4630 | D:6      | Found Emops's Weapon Emporium.
  4651 | D:6      | Found a glowing drain.
  4657 | D:6      | Reached skill level 1 in Invocations
  4667 | Sewer    | Entered a sewer
  4817 | D:6      | Noticed Duvessa
  4819 | D:6      | Noticed Dowan
  4822 | D:6      | Killed Duvessa
  4823 | D:6      | Reached skill level 5 in Fighting
  4823 | D:6      | Reached skill level 1 in Conjurations
  4823 | D:6      | Reached skill level 1 in Hexes
  4825 | D:6      | Killed Dowan
  4828 | D:6      | Found a hazy altar of Hepliaklqana.
  4832 | D:6      | Found a shadowy altar of Dithmenos.
  5085 | D:6      | Noticed Edmund
  5095 | D:6      | Killed Edmund
  5096 | D:6      | Reached skill level 1 in Bows
  5314 | D:6      | Reached * piety under Cheibriados
  5316 | D:6      | Reached skill level 5 in Staves
  5512 | D:7      | Reached XP level 9. HP: 87/95 MP: 16/16
  5513 | D:7      | Reached skill level 5 in Spellcasting
  5564 | D:7      | Reached skill level 6 in Staves
  5661 | D:7      | Reached ** piety under Cheibriados
  5724 | D:7      | Got a slimy copper ring
  5726 | D:7      | Identified the ring of Hiotih {+Fly Slay+3} (You found it
                  | on level 7 of the Dungeon)
  5739 | D:7      | Reached skill level 5 in Dodging
  6230 | D:7      | Noticed a catoblepas
  6318 | D:7      | Reached *** piety under Cheibriados
  6559 | D:7      | Reached XP level 10. HP: 107/107 MP: 18/18
  6786 | D:8      | Identified the +11 mace of Fury {venom, Fragile Str+4
                  | Dex+4}
  6790 | D:8      | Reached skill level 7 in Staves
  6826 | D:8      | Reached **** piety under Cheibriados
  6892 | D:8      | Found a staircase to the Lair.
  7010 | D:8      | Found Cylis's Gadget Shop.
  7647 | D:9      | Reached skill level 8 in Staves
  7649 | D:9      | Noticed Grum
  7654 | D:9      | Reached ***** piety under Cheibriados
  7659 | D:9      | Killed Grum
  7663 | D:9      | Reached skill level 5 in Invocations
  7702 | D:9      | Identified the amulet of Undoing {RegenMP rElec Int+7} (You
                  | acquired it on level 9 of the Dungeon)
  7705 | D:9      | Noticed Harold
  7715 | D:9      | Killed Harold
  7716 | D:9      | Reached XP level 11. HP: 74/117 MP: 21/21
  7861 | D:9      | Found a staircase to the Orcish Mines.
  7868 | D:9      | Noticed a brown ugly thing
  7875 | D:9      | Killed a brown ugly thing
  8106 | D:9      | Noticed a two-headed ogre
  8113 | D:9      | Killed a two-headed ogre
  8114 | D:9      | Reached skill level 1 in Shields
  8387 | D:9      | Found an ancient bone altar of Kikubaaqudgha.
  8491 | D:9      | Found an ornate altar of the Wu Jian Council.
  8569 | D:10     | Entered Level 10 of the Dungeon
  8573 | D:10     | Noticed a cyclops
  8577 | D:10     | Reached skill level 5 in Hexes
  8580 | D:10     | Noticed a six-headed hydra
  8581 | D:10     | Killed a cyclops
  8582 | D:10     | Reached skill level 5 in Conjurations
  8851 | D:10     | Found Nefat's Antique Weapon Boutique.
  9083 | D:10     | Killed a 15-headed hydra
  9428 | D:11     | Noticed a six-headed hydra
  9768 | Lair:1   | Entered Level 1 of the Lair of Beasts
 10036 | Lair:1   | Got a buzzing hunting sling
 10037 | Lair:1   | Identified the +11 hunting sling "Qujeudus" {freeze, rPois
                  | MR+ Stlth+} (You found it on level 1 of the Lair of Beasts)
 10050 | Lair:1   | Noticed an oklob plant
 10051 | Lair:1   | Noticed an oklob plant
 10051 | Lair:1   | Noticed an oklob plant
 10082 | Lair:1   | Reached XP level 12. HP: 130/130 MP: 23/23
 10149 | Lair:1   | Reached skill level 9 in Staves
 10208 | Lair:1   | Noticed a seven-headed hydra
 10215 | Lair:1   | Reached ****** piety under Cheibriados
 10220 | Lair:1   | Killed an 11-headed hydra
 10342 | Lair:1   | Noticed a six-headed hydra
 10382 | Lair:1   | Killed a nine-headed hydra
 10642 | Lair:2   | Noticed an eight-headed hydra
 10660 | Lair:2   | Killed an eight-headed hydra
 11225 | Lair:2   | Noticed a seven-headed hydra
 11234 | Lair:2   | Killed a seven-headed hydra
 11235 | Lair:2   | Reached skill level 5 in Bows
 12179 | Lair:3   | Reached XP level 13. HP: 114/141 MP: 25/25
 12235 | Lair:3   | Found a staircase to the Snake Pit.
 12943 | Lair:4   | Got a slimy bardiche
 13018 | Lair:4   | Reached skill level 10 in Staves
 13176 | Lair:4   | Reached skill level 5 in Shields
 13402 | Lair:4   | Found a staircase to the Swamp.
 13904 | Lair:5   | Found a frozen archway.
 13914 | IceCv    | Entered an ice cave
 14497 | IceCv    | Identified the +4 bardiche "Qitidaod" {flame, +Inv Str+6
                  | Dex+2} (You found it on level 4 of the Lair of Beasts)
 14711 | Lair:5   | Noticed Sonja
 14715 | Lair:5   | Killed Sonja
 14720 | Lair:5   | Reached skill level 10 in Fighting
 14730 | Lair:5   | Found a viscous altar of Jiyva.
 14785 | Lair:5   | Found a staircase to the Slime Pits.
 14787 | Lair:5   | Found a viscous altar of Jiyva.
 14875 | Lair:5   | Reached skill level 1 in Polearms
 14916 | Lair:5   | Reached XP level 14. HP: 146/154 MP: 27/27
 15494 | Lair:6   | Entered Level 6 of the Lair of Beasts
 15504 | Lair:6   | Reached skill level 11 in Staves
 15716 | Lair:6   | HP: 6/155 [raiju/living lightning (16)]
 15718 | Lair:6   | Mangled by a goliath frog

Skill      XL: |  1  2  3  4  5  6  7  8  9 10 11 12 13 14 |
---------------+-------------------------------------------+-----
Dodging        | 3 4 5 6 7 |  7.7
Stealth        | 4 5 6 7 |  7.4
Fighting       | 2 3 4 5 6 7 8 9 10 | 10.4
Long Blades    | 1 |  1.1
Spellcasting   | 1 2 3 4 5 6 7 8 9 |  9.6
Staves         | 1 2 4 5 6 8 9 10 11 | 11.1
Invocations    | 3 5 6 7 8 9 |  9.0
Conjurations   | 2 3 4 5 6 7 |  7.5
Hexes          | 2 3 4 5 7 8 |  8.2
Bows           | 1 3 4 5 |  5.5
Shields        | 2 4 5 6 |  6.1
Polearms       | 1 |  1.5
Maces & Flails | |  1.9
Throwing       | |  0.2
Evocations     | |  0.3

Action                   |  1- 3 |  4- 6 |  7- 9 | 10-12 | 13-15 || total
-------------------------+-------+-------+-------+-------+-------++-------
Melee: Whip              |   165 |       |       |       |       ||   165
       Falchion          |    27 |    54 |       |       |       ||    81
       Lajatang          |       |    66 |   153 |   277 |   231 ||   727
       Bardiche          |       |       |       |       |    22 ||    22
 Fire: Shortbow          |       |       |    47 |   130 |    42 ||   219
Throw: Tomahawk          |       |       |     2 |     2 |       ||     4
       Throwing net      |       |       |       |     4 |       ||     4
Invok: Slouch            |       |       |       |     2 |     5 ||     7
Evoke: Wand              |       |       |       |     5 |       ||     5
  Use: Scroll            |       |     2 |     6 |     9 |    15 ||    32
 Stab: Sleeping          |    10 |     8 |     9 |    20 |    17 ||    64
       Held in net/web   |       |       |       |     3 |       ||     3
       Distracted        |       |       |       |     1 |       ||     1
  Eat: Chunk             |     8 |     9 |    14 |    27 |    12 ||    70
       Ration            |       |       |       |       |     1 ||     1
Armor: Skin              |   186 |    70 |   121 |   272 |   130 ||   779
Dodge: Dodged            |   191 |    77 |   115 |   270 |   203 ||   856
Block: Other             |     4 |    36 |    55 |    14 |       ||   109
       Reflection        |     1 |       |     4 |     6 |     3 ||    14
       Medium shield     |       |       |       |   338 |   364 ||   702
